 Dungeon Crawl Stone Soup version 0.30-a0-311-gf115ab0292 (webtiles) character file.

Game seed: 5588523448192926511

112 koil the Shooter (level 4, -1/23 HPs)
             Began as a Spriggan Hunter on Oct 26, 2022.
             Killed from afar by an orc wizard (5 damage)
             ... with a magic dart
             ... on level 3 of the Dungeon.
             The game lasted 00:04:33 (2093 turns).

koil the Shooter (Spriggan Hunter)                  Turns: 2093, Time: 00:04:34

Health: -1/23      AC:  2    Str:  7    XL:     4   Next: 64%
Magic:  8/8        EV: 18    Int: 12    God:
Gold:   146        SH:  0    Dex: 18    Spells: 7/7 levels left

rFire   . . .      SeeInvis +    a - +0 shortbow
rCold   . . .      Faith    .    (shield currently unavailable)
rNeg    . . .      Spirit   .    h - +0 robe
rPois   .          Reflect  .    (helmet restricted)
rElec   .          Harm     .    (no cloak)
rCorr   .          Rampage  .    (gloves unavailable)
Will    .....                    (boots unavailable)
Stlth   +.........               g - amulet of the acrobat
HPRegen 0.23/turn                (no ring)
MPRegen 0.11/turn                (no ring)

@: confused, very quick
A: very small, no large weapons, unfitting armour, see invisible, speed 3
a: no special abilities


You were on level 3 of the Dungeon.
You visited 1 branch of the dungeon, and saw 3 of its levels.

You collected 146 gold pieces.

Inventory:

Hand Weapons
 a - a +0 shortbow (weapon)
 b - a +0 dagger of draining
 n - a +5 club
Missiles
 j - 11 poisoned darts
Armour
 c - a +0 robe
 h - a +0 robe (worn)
Jewellery
 g - an amulet of the acrobat (around neck)
Scrolls
 e - a scroll of identify {unknown}
 f - a scroll of immolation
 i - a scroll of torment {unknown}
 k - a scroll of vulnerability {unknown}
 l - 3 scrolls of summoning {unknown}
 m - a scroll of enchant weapon {unknown}
 q - 2 scrolls of fog {unknown}
Potions
 d - 2 potions of heal wounds
 o - a potion of might {unknown}
 p - 2 potions of curing {unknown}
 r - a potion of flight {unknown}


   Skills:
 + Level 2.2 Fighting
 + Level 4.4 Ranged Weapons
 + Level 3.7 Dodging
 + Level 3.5 Stealth
 + Level 2.0 Spellcasting


You had 7 spell levels left.
You didn't know any spells.
Your spell library contained the following spells:

 Spells                   Type           Power      Damage    Failure   Level
 Ignite Poison            Fire/Tmut/Pois 1%         N/A       63%         3
 Sticky Flame             Conj/Fire      1%         2d3       95%         4
 Ignition                 Fire           0%         3d3       100%        8


Dungeon Overview and Level Annotations

Branches:
Dungeon (3/15)

Altars:


Innate Abilities, Weirdness & Mutations

You are very small and have problems with some larger weapons.
You are too small for most types of armour.
You have supernaturally acute eyesight. (SInv)
You cover ground extremely quickly. (Speed+++)


Message History

The ball python completely misses you.
There is a stone staircase leading up here.
You shoot an arrow.
The arrow closely misses the ball python.
The ball python closely misses you. The ball python misses you.
The ball python closely misses you. The ball python completely misses you.
You shoot an arrow. The arrow hits the ball python.
You kill the ball python!
You shoot an arrow. The arrow hits the orc wizard!
The orc wizard is heavily wounded.
You shoot an arrow. The arrow barely misses the orc wizard.
The orc wizard points at you and mumbles some strange words.
The magic dart hits you.
You shoot an arrow.
The arrow hits the orc wizard but does no damage.
The orc wizard is heavily wounded.
You shoot an arrow.
The arrow completely misses the orc wizard.
The arrow closely misses the orc wizard.
The orc wizard hits you with a +0 dagger.
You shoot an arrow.
The arrow closely misses the orc wizard.
The arrow hits the orc wizard but does no damage.
The orc wizard casts a spell at you. The puff of flame hits you!
The orc wizard mumbles some strange words.
The orc wizard flickers and vanishes for a moment.
The orc wizard casts a spell at you.
You are confused.
You bump into the rock wall.
You clumsily bash the orc wizard but do no damage.
The orc wizard is heavily wounded.
The orc wizard casts a spell at you. The magic dart hits you!
* * * LOW HITPOINT WARNING * * *
The orc wizard misses you.
You bump into the rock wall.
The orc wizard gestures at you while chanting.
The magic dart hits you.
You die...

### #..
######### #..
#.......# #..
#.#####.####
#.. #.# #....#
#.. #.# ####.#
#..
############.#
#.# #..
..........oo@#
#.# ###
######..######
#.# #.
...###..######
#)######.
.............#
#........
####.#.S####.#
#########
#........#
#######..####.#
...>...o.#
#######)##


You could see 2 orc wizards.

Vanquished Creatures
  Robin (D:2)
  2 adders
  A worm (D:3)
  4 orcs
  4 bats
  7 endoplasms
  3 giant cockroaches
  10 hobgoblins
  2 jackals (D:1)
  4 kobolds
  2 quokkas (D:1)
  6 ball pythons
  4 frilled lizards
  11 goblins
  5 rats (D:1)
66 creatures vanquished.

Notes
Turn   | Place    | Note
-------+----------+-------------------------------------------
     0 | D:1      | koil the Spriggan Hunter began the quest for the Orb.
     0 | D:1      | Reached XP level 1. HP: 10/10 MP: 2/2
   141 | D:1      | Reached XP level 2. HP: 15/15 MP: 2/4
   210 | D:1      | Found a faded altar of an unknown god.
   407 | D:1      | Reached skill level 1 in Spellcasting
   655 | D:1      | Reached XP level 3. HP: 18/18 MP: 5/5
  1160 | D:2      | Noticed Robin
  1280 | D:2      | Killed Robin
  1281 | D:2      | Reached XP level 4. HP: 13/23 MP: 7/7
  2093 | D:3      | Killed from afar by an orc wizard

Illustrated notes

Levels and vault maps discovered:
D:1:      minmay_arrival_shattered_statue, layout_loops_corners,
          chequers_ecumenical_altar_grove, minmay_cupped
D:2:      layout_basic, uniq_robin
D:3:      layout_loops_ring, uniq_terence

Skill      XL: |  1  2  3  4 |
---------------+-------------+-----
Stealth        | 2 3 |  3.5
Dodging        | 3 |  3.7
Spellcasting   | 1 2 |  2.0
Fighting       | 2 |  2.2
Ranged Weapons | |  4.4

Action                   |  1- 3 |  4- 6 || total
-------------------------+-------+-------++-------
Melee: Shortbow          |       |     1 ||     1
 Fire: Shortbow          |   140 |    61 ||   201
  Use: Potion            |     1 |       ||     1
Armor: Robe              |     7 |       ||     7
Dodge: Dodged            |    92 |    22 ||   114

Table legend: (Time is in decaauts)
 A = Elapsed time spent in this place.
 B = Non-inter-level travel time spent in this place.
 C = Inter-level travel time spent in this place.
 D = Time resting spent in this place.
 E = Time spent auto-exploring this place.
 F = Levels seen in this place.
 G = Mean time per level.
                   A        B        C        D        E       F      G
               +--------+--------+--------+--------+--------+-----+--------+
         Total |   1507 |   1497 |     10 |     64 |   1025 |   3 |  502.3 |
       Dungeon |   1507 |   1497 |     10 |     64 |   1025 |   3 |  502.3 |
               +--------+--------+--------+--------+--------+-----+--------+

Top non-repeatable levels by time:
     D:2: 688 daAuts
     D:1: 654 daAuts
     D:3: 164 daAuts
